[Event "*** SCC Grand Prix: Titled Tuesday Blitz"]
[Site "Chess.com"]
[Date "2020.06.02"]
[Round "1"]
[White "RobertPrieb2007"]
[Black "KejJaj"]
[Result "1-0"]
[WhiteElo "2490"]
[BlackElo "2037"]
[TimeControl "180+1"]
[EndTime "10:06:15 PDT"]
[Termination "RobertPrieb2007 won by resignation"]

1. d4 f5 2. g4 fxg4 3. h3 g3 4. fxg3 Nf6 5. Nc3 d5 6. Nf3 e6 7.
e4 dxe4 8. Ne5 Bb4 9. Bc4 O-O 10. O-O c5 11. Be3 cxd4 12. Bxd4 Nc6 13. Nxc6 bxc6 14. Bxf6 Qxd1 15. Raxd1 gxf6 16. Nxe4 Kg7 17. a3 Be7 18. Nd6 a5 19. Nxc8 Raxc8 20. Bxe6 Rcd8 21. Bf5 Bd6 22. g4 Be5 23. c3 h6 24. Kf2 a4 25.
Ke2 Rb8 26. Rd2 Rfd8 27. Rfd1 Rxd2+ 28. Rxd2 Kf8 29. Bd7 c5 30. Bxa4 Kg7 31. Kf3 Kg6 32. Ke4 Kg5 33. Bd7 Rd8 34. Rd5 Kh4 35. a4 Kxh3 36.
g5+ Kh4 37. g6 Rg8 38. Kf5 h5 39. a5 Kg3 40. a6 h4 41. a7 h3 42. Bc6 h2 43.
a8=Q Rxa8 44. Bxa8 h1=Q 45. Rd3+ 1-0

[Event "*** SCC Grand Prix: Titled Tuesday Blitz"]
[Site "Chess.com"]
[Date "2020.06.02"]
[Round "1"]
[White "Kolle05"]
[Black "Gordima"]
[Result "0-1"]
[WhiteElo "2393"]
[BlackElo "2773"]
[TimeControl "180+1"]
[EndTime "10:06:16 PDT"]
[Termination "Gordima won on time"]

1. e4 Nf6 2. e5 Nd5 3. d4 d6 4.
Nf3 Bg4 5. Be2 e6 6. O-O Be7 7.
c4 Nb6 8. Nc3 O-O 9. b3 Nc6 10.
exd6 cxd6 11. Be3 d5 12. cxd5 Nxd5 13. Nxd5 Qxd5 14. Bc4 Qh5 15. h3 Bxf3 16. Qxf3 Qxf3 17. gxf3 Rfd8 18. Rfd1 Nb4 19. a3 Nc2 20. Ra2 Nxa3 21.
Bd3 b5 22. Be4 Rac8 23. d5 f5 24. d6 Bxd6 25. Bb7 Rc7 26. Ba6 b4 27. Kg2 Be7 28. Rxd8+ Bxd8 29. Rd2 Bf6 30. Bf4 e5 31. Be3 f4 0-1

[Event "*** SCC Grand Prix: Titled Tuesday Blitz"]
[Site "Chess.com"]
[Date "2020.06.02"]
[Round "1"]
[White "Jadeit90"]
[Black "DeGrootteZ"]
[Result "0-1"]
[WhiteElo "2287"]
[BlackElo "2625"]
[TimeControl "180+1"]
[EndTime "10:06:16 PDT"]
[Termination "DeGrootteZ won by resignation"]

1. e4 c5 2. Nc3 d6 3. g3 Nc6 4. Bg2 g6 5. d3 Bg7 6. Be3 e6 7. Qd2 Nge7 8. Bh6 Bxh6 9. Qxh6 Ng8 10. Qg7 Qf6 11. Qxf6 Nxf6 12. Nge2 a6 13. O-O-O e5 14. f4 Be6 15. h3 Nd7 16. g4 f6 17. f5 Bf7 18. h4 b5 19. Ng3 Ke7 20. Nce2 b4 21. Kb1 a5 22. g5 Rhf8 23. Rdf1 Bg8 24. fxg6 hxg6 25. gxf6+ Nxf6 26. h5 Nxh5 27. Nxh5 gxh5 28. Rxh5 Rxf1+ 29. Bxf1 Rf8 30. Rh1 Nd4 31. Nxd4 cxd4 32.
Bh3 Rf2 33. Bf5 a4 34. b3 a3 35. Rg1 Bf7 36. Bg4 Kf6 37. Bh3 Bh5 38. Rf1 Rxf1+ 39. Bxf1 Kg5 40. Bh3 Kf4 41. Kc1 Ke3 42. Be6 Bf3 43.
Bd5 Be2 44. Bc4 Bf1 45. Ba6 Bh3 46. Bc4 Bc8 47. Bb5 Bb7 48. Bc4 Ba8 49. Bb5 d5 50.
exd5 Bxd5 51. Ba6 Be6 52. Bb5 Bh3 53. Ba6 Bf1 54. Bc4 Be2 55. Bd5 Bxd3 56. cxd3 Kxd3 57. Bc4+ Kc3 58. Bb5 e4 59. Ba6 d3 60. Bc4 e3 61. Kd1 e2+ 62. Ke1 Kc2 0-1

[Event "*** SCC Grand Prix: Titled Tuesday Blitz"]
[Site "Chess.com"]
[Date "2020.06.02"]
[Round "1"]
[White "Berant"]
[Black "Muradore"]
[Result "1/2-1/2"]
[WhiteElo "2293"]
[BlackElo "2606"]
[TimeControl "180+1"]
[EndTime "10:06:16 PDT"]
[Termination "Game drawn by repetition"]

1. e4 c6 2. d4 d5 3. Nd2 dxe4 4. Nxe4 Nf6 5. Ng3 h5 6. Bd3 h4 7. Ne4 Nbd7 8. Nf3 Nxe4 9. Bxe4 Nf6 10. Bd3 h3 11. g3 Bg4 12. Be2 e6 13. Bg5 Qa5+ 14.
Bd2 Qb6 15. c3 O-O-O 16. Ne5 Bxe2 17. Qxe2 Qc7 18. O-O-O Bd6 19. f4 Nd5 20. c4 Nf6 21. Bc3 c5 22. dxc5 Bxc5 23. Rxd8+ Rxd8 24. Rd1 Rxd1+ 25. Kxd1 Bd6 26. Kc2 Bxe5 27. Bxe5 Qc6 28. Kb3 Qe4 29. Qd2 Nd7 30. Qd6 Nxe5 31. fxe5 Qe3+ 32.
Ka4 Qf3 33. Qf8+ Kd7 34. Qd6+ Ke8 35. Qb8+ Ke7 36. Qd6+ Ke8 37. Qb8+ Kd7 38. Qd6+ Kc8 39. Qf8+ Kc7 40. Qd6+ Kc8 1/2-1/2

[Event "*** SCC Grand Prix: Titled Tuesday Blitz"]
[Site "Chess.com"]
[Date "2020.06.02"]
[Round "1"]
[White "Vlad_Lukiianchuk"]
[Black "SidArun"]
[Result "1-0"]
[WhiteElo "2561"]
[BlackElo "2210"]
[TimeControl "180+1"]
[EndTime "10:06:17 PDT"]
[Termination "Vlad_Lukiianchuk won by resignation"]

1. d4 Nf6 2. c4 e5 3. dxe5 Ng4 4.
Nf3 Bc5 5. e3 Nc6 6. Nbd2 Ngxe5 7.
Nxe5 Nxe5 8. b3 O-O 9. Bb2 d6 10. Be2 Qg5 11. O-O Bh3 12. Bf3 Nxf3+ 13. Qxf3 Bg4 14.
Qg3 Qg6 15. e4 Bb4 16. Bc3 a5 17. a3 Bxc3 18. Qxc3 f5 19. h3 Bh5 20. exf5 Rxf5 21. f4 Be2 22. Rf2 Re8 23. Re1 Bh5 24. Rxe8+ Qxe8 25. g4 1-0

[Event "*** SCC Grand Prix: Titled Tuesday Blitz"]
[Site "Chess.com"]
[Date "2020.06.02"]
[Round "1"]
[White "Sanyura"]
[Black "beto-betun"]
[Result "1-0"]
[WhiteElo "2520"]
[BlackElo "2145"]
[TimeControl "180+1"]
[EndTime "10:06:17 PDT"]
[Termination "Sanyura won on time"]

1. e4 c5 2. Nf3 d6 3. d4 cxd4 4.
Nxd4 Nf6 5. Nc3 a6 6. g3 e5 7. Nb3 Be7 8. Bg2 O-O 9. O-O Be6 10. a4 Nbd7 11. Re1 Rc8 12. Nd2 Nb6 13. a5 Nc4 14. Nxc4 Rxc4 15. Be3 Qd7 16. Nd5 Nxd5 17. exd5 Bf5 18. c3 Bg6 19. f4 Bf6 20. Qb3 Rfc8 21. Re2 Bd3 22. Rd2 e4 23. Re1 h5 24. Bf2 Qf5 25. Qxb7 R8c7 26. Qxa6 Kh7 27. Qb6 h4 28. a6 hxg3 29. hxg3 Bd8 30. a7 Rc8 31. Qb8 Qg6 32. a8=Q Rxb8 33. Qxb8 1-0

[Event "*** SCC Grand Prix: Titled Tuesday Blitz"]
[Site "Chess.com"]
[Date "2020.06.02"]
[Round "1"]
[White "fridaywins"]
[Black "aleksandrovaleksei"]
[Result "0-1"]
[WhiteElo "2240"]
[BlackElo "2576"]
[TimeControl "180+1"]
[EndTime "10:06:19 PDT"]
[Termination "aleksandrovaleksei won by resignation"]

1. e4 e5 2. Nf3 Nc6 3. Bb5 a6 4. Ba4 Nf6 5. O-O Be7 6. Re1 b5 7. Bb3 d6 8. c3 O-O 9. h3 Nb8 10. d4 Nbd7 11. Nbd2 c5 12. d5 c4 13. Bc2 Re8 14.
Nf1 a5 15. a3 Nc5 16. Ng3 Qb6 17. Be3 Bd7 18. Nd2 Rac8 19. Qf3 Qb7 20. Nf5 Bxf5 21. Qxf5 a4 22. g4 Nfd7 23. g5 Nf8 24. h4 Bd8 25.
Nf1 Bb6 26. Ng3 g6 27. Qf3 Nb3 28. Rad1 Bxe3 29. fxe3 Qe7 30. Rf1 Nd7 31. Qg4 Rf8 32. Rf2 f6 33. Rdf1 fxg5 34. Bxb3 axb3 35. Rxf8+ Rxf8 36. Rxf8+ Kxf8 37. hxg5 Ke8 38. Kg2 Kd8 39. Nf1 Nc5 40. Nd2 Na4 41. Qe2 Qxg5+ 0-1

[Event "*** SCC Grand Prix: Titled Tuesday Blitz"]
[Site "Chess.com"]
[Date "2020.06.02"]
[Round "1"]
[White "AleksanderHnydiuk"]
[Black "memer5334"]
[Result "1-0"]
[WhiteElo "2563"]
[BlackElo "2219"]
[TimeControl "180+1"]
[EndTime "10:06:19 PDT"]
[Termination "AleksanderHnydiuk won by resignation"]

1. d4 d5 2. c4 c6 3. Nf3 Nf6 4. e3 e6 5. Bd3 Nbd7 6. O-O Ne4 7. Nfd2 f5 8. f3 Nef6 9. Nc3 g6 10. e4 dxe4 11.
fxe4 Nb6 12. Nf3 Bg7 13. exf5 exf5 14. Re1+ Kf8 15. Bf4 h6 16. Ne5 Kg8 17. Nxg6 Kh7 18. Nxh8 Bxh8 19. Be5 Kg8 20. Qf3 Ng4 21. Bxh8 Kxh8 22.
Qf4 Qg5 23. Qxg5 hxg5 24. Re8+ Kg7 25. Rae1 f4 26. c5 Nd5 27. Nxd5 cxd5 28. R1e7+ Kf6 29. Rc7 Bf5 30. Rxa8 Bxd3 31. Rxb7 Ne3 32. c6 Ba6 33. Rbxa7 Bc4 34. c7 f3 35. gxf3 1-0

[Event "*** SCC Grand Prix: Titled Tuesday Blitz"]
[Site "Chess.com"]
[Date "2020.06.02"]
[Round "1"]
[White "Doukis"]
[Black "eljanov"]
[Result "0-1"]
[WhiteElo "2412"]
[BlackElo "2827"]
[TimeControl "180+1"]
[EndTime "10:06:20 PDT"]
[Termination "eljanov won by resignation"]

1. d4 Nf6 2. c4 e6 3. Nc3 Bb4 4. a3 Bxc3+ 5. bxc3 c5 6. e3 Qa5 7. Bd2 Ne4 8. Bd3 Nxd2 9. Qxd2 Nc6 10. Nf3 d6 11.
O-O O-O 12. Qc2 h6 13. a4 Qc7 14. Nd2 b6 15. f4 Na5 16. d5 exd5 17. cxd5 c4 18. Be4 Qc5 19. Rae1 Bb7 20. Nf3 Bxd5 21.
Nd4 Bxe4 22. Qxe4 Rfe8 23. Qf3 Nb3 24. f5 Nd2 25. Qg4 Nxf1 26. Kxf1 Qe5 27. Kg1 d5 28. h4 Qf6 29. Qg3 Re4 30. h5 Rae8 31. Qf3 Qg5 32. Re2 0-1

[Event "*** SCC Grand Prix: Titled Tuesday Blitz"]
[Site "Chess.com"]
[Date "2020.06.02"]
[Round "1"]
[White "Mikhal867"]
[Black "MatyChess1"]
[Result "1-0"]
[WhiteElo "2277"]
[BlackElo "2584"]
[TimeControl "180+1"]
[EndTime "10:06:20 PDT"]
[Termination "Mikhal867 won by resignation"]

1. c4 e5 2. Nc3 Nc6 3. g3 Bc5 4. Bg2 a6 5. e3 d6 6. Nge2 Ba7 7. h3 Nge7 8. d3 O-O 9. Rb1 Be6 10. Nd5 Qd7 11. b4 Nc8 12. d4 exd4 13. exd4 Re8 14. Be3 Nd8 15. Qb3 b5 16. cxb5 axb5 17. Qb2 c6 18. Ndf4 Bc4 19. O-O Bb8 20. d5 Rxa2 21. Qc1 cxd5 22. Nc3 Ra6 23. Ncxd5 Bxf1 24. Bxf1 Ba7 25.
Bxa7 Nxa7 26. Qc7 Qf5 27. Ne7+ Rxe7 28. Qxe7 h6 29. Qxd8+ Kh7 30. Bd3 1-0

[Event "*** SCC Grand Prix: Titled Tuesday Blitz"]
[Site "Chess.com"]
[Date "2020.06.02"]
[Round "1"]
[White "Quiet_Desperation"]
[Black "Balla_Tamas"]
[Result "0-1"]
[WhiteElo "2069"]
[BlackElo "2501"]
[TimeControl "180+1"]
[EndTime "10:06:20 PDT"]
[Termination "Balla_Tamas won by resignation"]

1. e4 c5 2. d4 cxd4 3. c3 dxc3 4. Nxc3 e6 5. Nf3 a6 6. Bc4 Ne7 7. Bg5 f6 8. Bh4 Ng6 9. Bg3 b5 10. Bb3 Bb7 11. Qe2 Nc6 12. O-O Bc5 13. Rfd1 Qe7 14.
Rac1 O-O 15. Qf1 Rac8 16. Nd5 exd5 17. exd5 Kh8 18. dxc6 Rxc6 19. Bd5 Rfc8 20. Bxc6 Bxc6 21. Re1 Qf8 22. Qd3 Bb6 23. Nd4 Bxd4 24. Qxd4 Qf7 25. b3 h5 26. h4 Ne7 27. Qd6 Nf5 28. Qf4 Qd5 29. f3 Nxg3 30. Qxg3 Qd2 31. Qf2 Qf4 32. Red1 Re8 33. Rd4 Qxc1+ 0-1

[Event "*** SCC Grand Prix: Titled Tuesday Blitz"]
[Site "Chess.com"]
[Date "2020.06.02"]
[Round "1"]
[White "Maghalashvili"]
[Black "14Sokol88"]
[Result "0-1"]
[WhiteElo "2771"]
[BlackElo "2414"]
[TimeControl "180+1"]
[EndTime "10:06:21 PDT"]
[Termination "14Sokol88 won by resignation"]

1. Nf3 Nf6 2. g3 g6 3. Bg2 Bg7 4. O-O O-O 5. c4 d6 6. d4 Bf5 7. Nc3 Ne4 8. Nxe4 Bxe4 9. Re1 c5 10. d5 Nd7 11. Bh3 Rb8 12. Ng5 Nf6 13. f3 Bf5 14.
Bxf5 gxf5 15. Qd3 Qd7 16. a4 e6 17. e4 h6 18. dxe6 fxe6 19. exf5 hxg5 20. fxe6 Qc6 21.
Bxg5 Nh7 22. e7 Nxg5 23. exf8=Q+ Rxf8 24. Qd5+ Qxd5 25. cxd5 Nxf3+ 26. Kg2 Bxb2 27. Reb1 Bxa1 28. Rxa1 Ne5 29. a5 Rb8 30. Kh3 b5 31. axb6 axb6 32. g4 b5 33. Ra6 b4 34. Rxd6 b3 0-1

[Event "*** SCC Grand Prix: Titled Tuesday Blitz"]
[Site "Chess.com"]
[Date "2020.06.02"]
[Round "1"]
[White "antoszu"]
[Black "ARTHURMOTIVATOR"]
[Result "1-0"]
[WhiteElo "2542"]
[BlackElo "2192"]
[TimeControl "180+1"]
[EndTime "10:06:21 PDT"]
[Termination "antoszu won by checkmate"]

1. d4 g6 2. c4 Bg7 3. e4 d6 4. Nc3 Nc6 5. Nge2 e5 6. d5 Nd4 7. Be3 Nxe2 8. Bxe2 f5 9. exf5 gxf5 10. Bh5+ Kf8 11.
Qc2 Nf6 12. Be2 Bd7 13. O-O-O Kf7 14. f3 Rf8 15. Rhg1 Kg8 16. g4 Kh8 17. gxf5 Nh5 18. Bd3 Qc8 19. f6 Nxf6 20. Qg2 Rf7 21. Qg5 Qf8 22. Qh4 Re8 23. Bg6 e4 24. Nxe4 Nxe4 25. Qxh7# 1-0

[Event "*** SCC Grand Prix: Titled Tuesday Blitz"]
[Site "Chess.com"]
[Date "2020.06.02"]
[Round "1"]
[White "Funo09"]
[Black "marianokar"]
[Result "0-1"]
[WhiteElo "2775"]
[BlackElo "2416"]
[TimeControl "180+1"]
[EndTime "10:06:22 PDT"]
[Termination "marianokar won by resignation"]

1. e4 e5 2. Nf3 Nc6 3. Bb5 Nf6 4. O-O Nxe4 5. Re1 Nd6 6. a4 Be7 7. Nc3 O-O 8. d4 Nxd4 9. Nxd4 exd4 10. Nd5 Bf6 11. Bf4 Nxb5 12. axb5 d6 13. Qf3 Be6 14. Bg3 Bxd5 15. Qxd5 Qd7 16. h3 Rfd8 17. Ra5 c6 18. bxc6 bxc6 19. Qc4 c5 20. Qd5 Rab8 21. b3 Qb7 22.
Qf5 Qb4 23. Rea1 Rb7 24. Kh2 h6 25. Rxa7 Rxa7 26. Rxa7 Qd2 27. Ra6 Be5 28. Bxe5 dxe5 29. Rc6 e4 30. Qxe4 Qxf2 31. Rxc5 d3 32. Qe7 Qf4+ 33.
Kg1 Qd4+ 34. Kh2 d2 35. Rc4 Qd6+ 36. Qxd6 Rxd6 37. Rc3 d1=Q 38. Rf3 Rd2 39. Rg3 Kh7 40. b4 Qxc2 41. b5 Qb2 42. Rf3 Qxb5 43. Rxf7 Qe5+ 44. Kg1 Rd1+ 45. Rf1 Qe3+ 46. Kh2 0-1

[Event "*** SCC Grand Prix: Titled Tuesday Blitz"]
[Site "Chess.com"]
[Date "2020.06.02"]
[Round "1"]
[White "catalin009"]
[Black "ViIIagra"]
[Result "0-1"]
[WhiteElo "2419"]
[BlackElo "2845"]
[TimeControl "180+1"]
[EndTime "10:06:23 PDT"]
[Termination "ViIIagra won by checkmate"]

1. Nf3 d5 2. g3 Nd7 3. d4 e6 4.
Bg2 f5 5. b3 Ngf6 6. O-O a5 7.
c4 c6 8. Ng5 Nb8 9. Ba3 Bxa3 10.
Nxa3 O-O 11. Nc2 Qe7 12. Qc1 Na6 13. Nf3 Bd7 14. Ne5 Rfd8 15. Qd2 b6 16. a3 Be8 17. b4 a4 18. Rac1 Rac8 19. Ne1 Ne4 20. Qc2 c5 21. cxd5 exd5 22. dxc5 bxc5 23. N5f3 Rc7 24.
bxc5 Rxc5 25. Qd1 Nc3 26. Rxc3 Rxc3 27. Nd3 Nc5 28. Nf4 Bf7 29. Qd2 Ne4 30. Qd4 Qc5 31. Qe5 Rc1 32. Qxf5 Qxf2+ 33. Kh1 Rxf1+ 34. Bxf1 Qxf1+ 35. Ng1 Nf2# 0-1

[Event "*** SCC Grand Prix: Titled Tuesday Blitz"]
[Site "Chess.com"]
[Date "2020.06.02"]
[Round "1"]
[White "BogdanBelyakov89"]
[Black "Kopytkin"]
[Result "1-0"]
[WhiteElo "2658"]
[BlackElo "2323"]
[TimeControl "180+1"]
[EndTime "10:06:23 PDT"]
[Termination "BogdanBelyakov89 won by resignation"]

1. e4 Nf6 2. Nc3 d5 3. e5 Ne4 4.
Nf3 Bg4 5. Be2 Nxc3 6. bxc3 e6 7. d4 c5 8. Rb1 Qc7 9. c4 dxc4 10. d5 Bxf3 11. Bxf3 Qxe5+ 12. Be3 exd5 13. Qxd5 Qxd5 14. Bxd5 Nd7 15. Rxb7 Rb8 16. O-O Rxb7 17. Bxb7 Bd6 18. Bc6 Ke7 19. Re1 Ne5 20. Bb5 Kf6 21. h3 Rb8 22. a4 h6 23. Bd2 Ng6 24. Bxc4 Be5 25. Bb5 Rd8 26. Ba5 h5 27. Bxd8+ 1-0

[Event "*** SCC Grand Prix: Titled Tuesday Blitz"]
[Site "Chess.com"]
[Date "2020.06.02"]
[Round "1"]
[White "ChronicUnhappiness"]
[Black "Tormoz"]
[Result "0-1"]
[WhiteElo "2319"]
[BlackElo "2657"]
[TimeControl "180+1"]
[EndTime "10:06:23 PDT"]
[Termination "Tormoz won by resignation"]

1. c4 e6 2. d4 d5 3. Nc3 Nf6 4. Bg5 Be7 5. e3 h6 6. Bxf6 Bxf6 7. Nf3 O-O 8. Rc1 Nc6 9. cxd5 exd5 10. Bd3 Ne7 11.
O-O c6 12. e4 dxe4 13. Nxe4 Nd5 14. Ne5 Nf4 15. Bc4 Bf5 16. Re1 Bg5 17. Rc3 Nd5 18. Rf3 Bxe4 19. Rxe4 Qd6 20. h4 Bf6 21. Ng4 Bd8 22.
Bxd5 Qxd5 23. Qd3 Bc7 24. Nxh6+ gxh6 25. Rg4+ Kh8 26. Rf5 Rae8 27. g3 Re1+ 0-1

[Event "*** SCC Grand Prix: Titled Tuesday Blitz"]
[Site "Chess.com"]
[Date "2020.06.02"]
[Round "1"]
[White "canary2016"]
[Black "DivyaDeshmukh23"]
[Result "0-1"]
[WhiteElo "1972"]
[BlackElo "2470"]
[TimeControl "180+1"]
[EndTime "10:06:23 PDT"]
[Termination "DivyaDeshmukh23 won by resignation"]

1. Nf3 d5 2. c4 d4 3. b4 g5 4.
Bb2 Bg7 5. e3 e5 6. exd4 exd4 7.
Qe2+ Be6 8. h3 d3 9. Qe4 Bxb2 10. Qxb7 Nd7 11. Bxd3 Bxa1 12. O-O Bg7 13. Re1 Rb8 14. Qd5 Ngf6 15. Qxg5 Rg8 16. Nd4 h6 17. Qf5 Nf8 18.
Nc6 Qc8 19. Qc5 Ng6 20. Bxg6 Bf8 21. Qf5 Rxg6 22. Nxb8 Qxb8 23. Rxe6+ fxe6 24. Qxg6+ Ke7 25. Qe4 Nxe4 0-1

[Event "*** SCC Grand Prix: Titled Tuesday Blitz"]
[Site "Chess.com"]
[Date "2020.06.02"]
[Round "1"]
[White "zurzan"]
[Black "blitzking1729"]
[Result "0-1"]
[WhiteElo "1915"]
[BlackElo "2466"]
[TimeControl "180+1"]
[EndTime "10:06:23 PDT"]
[Termination "blitzking1729 won on time"]

1. f4 d6 2. Nf3 e5 3. fxe5 dxe5 4.
e4 Nc6 5. Bb5 Bc5 6. c3 Bg4 7.
b4 Bb6 8. h3 Bxf3 9. Qxf3 Ne7 10. a4 a6 11. Bc4 O-O 12. Rf1 Ng6 13. a5 Ba7 14. Ba3 Nce7 15. d3 Kh8 16. Nd2 f5 17. O-O-O f4 18. Kc2 Qd6 19. Kb3 b5 20. axb6 Bxb6 21.
Nb1 c5 22. d4 cxd4 23. cxd4 exd4 24. b5 Qf6 25. Bxe7 Qxe7 26. Qd3 Ne5 27. bxa6 Nxd3 28. Rxd3 Rfb8 29. Kc2 Qb4 30. Rxf4 Qxc4+ 0-1

[Event "*** SCC Grand Prix: Titled Tuesday Blitz"]
[Site "Chess.com"]
[Date "2020.06.02"]
[Round "1"]
[White "Gandrade2"]
[Black "MartinCerveny"]
[Result "0-1"]
[WhiteElo "2011"]
[BlackElo "2475"]
[TimeControl "180+1"]
[EndTime "10:06:24 PDT"]
[Termination "MartinCerveny won by resignation"]

1. d4 d5 2. c4 c6 3. cxd5 cxd5 4. Nc3 Nc6 5. Bf4 e5 6. dxe5 d4 7. Nb1 Qa5+ 8. Nd2 Nge7 9. Nf3 Nd5 10. g3 h6 11. h4 Be7 12. Bg2 Be6 13. O-O Rg8 14. Nb3 Qb6 15. Nfxd4 g5 16. Nxe6 fxe6 17. Bxd5 gxf4 18. Bxc6+ bxc6 19. Kh2 Rd8 20. Qc2 Kf7 21. Qe4 Rg4 22. Qh7+ Rg7 23. Qxh6 Qb4 24. Qxf4+ Qxf4 25. gxf4 Rh8 0-1

[Event "*** SCC Grand Prix: Titled Tuesday Blitz"]
[Site "Chess.com"]
[Date "2020.06.02"]
[Round "1"]
[White "nihalsarin"]
[Black "PotapovaM"]
[Result "1-0"]
[WhiteElo "3014"]
[BlackElo "2451"]
[TimeControl "180+1"]
[EndTime "10:06:25 PDT"]
[Termination "nihalsarin won by resignation"]

1. d4 Nf6 2. c4 e6 3. Nc3 Bb4 4. Qc2 O-O 5. Nf3 d5 6. cxd5 exd5 7.
Bf4 c6 8. e3 Nbd7 9. Bd3 Re8 10. O-O Nf8 11. Ne5 Ng6 12. Bg3 Bd6 13. f4 a6 14.
Rae1 c5 15. Kh1 b5 16. Bxg6 hxg6 17. Bh4 Bf5 18. Qf2 Be7 19. dxc5 Ne4 20. Nxe4 Bxh4 21. Ng3 Rc8 22. b4 a5 23. a3 Be4 24. Rd1 Qe7 25. Rfe1 Qe6 26. Nf3 Bxg3 27. Qxg3 axb4 28. axb4 Ra8 29.
Ng5 Qe7 30. Qh4 Qf6 31. Qh7+ Kf8 32. Qh3 Ra2 33. Nh7+ Ke7 34. Nxf6 1-0

[Event "*** SCC Grand Prix: Titled Tuesday Blitz"]
[Site "Chess.com"]
[Date "2020.06.02"]
[Round "1"]
[White "Anwesh9792"]
[Black "ahappypawn"]
[Result "1-0"]
[WhiteElo "2723"]
[BlackElo "2368"]
[TimeControl "180+1"]
[EndTime "10:06:26 PDT"]
[Termination "Anwesh9792 won by resignation"]

1. d4 d5 2. c4 e6 3. Nf3 a6 4. cxd5 exd5 5. Nc3 Nf6 6. Bg5 Be6 7.
e3 Nbd7 8. Bd3 c6 9. O-O Bd6 10. Bh4 Qc7 11. Bg3 h6 12. Bxd6 Qxd6 13. h3 O-O 14. Qc2 Rac8 15. Rac1 b5 16. Rfd1 c5 17. dxc5 Nxc5 18. Qd2 b4 19. Ne2 Nce4 20. Bxe4 Nxe4 21. Qd4 Qe7 22. Nf4 Rfd8 23. Qe5 Rc5 24. Nd4 Qd6 25.
Qxd6 Rxd6 26. Rxc5 Nxc5 27. Rc1 Na4 28. Nd3 Bd7 29. b3 Nc3 30. Nxb4 a5 31. Rxc3 axb4 32. Rc7 Be6 33. Rc6 Rd8 34. Nxe6 fxe6 35. Rxe6 Ra8 36. Rb6 Rxa2 37. Rxb4 Kf7 38. g4 Ke6 39. Kg2 Ke5 40.
Rb7 g5 41. Rb6 Rb2 42. Rxh6 Rxb3 43. Rg6 Ke4 44. Rxg5 1-0

[Event "*** SCC Grand Prix: Titled Tuesday Blitz"]
[Site "Chess.com"]
[Date "2020.06.02"]
[Round "1"]
[White "gahryman"]
[Black "GMCarbone"]
[Result "1-0"]
[WhiteElo "2699"]
[BlackElo "2346"]
[TimeControl "180+1"]
[EndTime "10:06:26 PDT"]
[Termination "gahryman won by resignation"]

1. e4 c5 2. Nf3 Nc6 3. d4 cxd4 4. Nxd4 Nf6 5. Nc3 e6 6. Be2 Bb4 7. O-O Bxc3 8. bxc3 Nxe4 9. Qd3 d5 10. Ba3 Ne7 11.
c4 O-O 12. cxd5 exd5 13. c4 Nf6 14. Bf3 Re8 15. Rfe1 dxc4 16. Qxc4 Ng6 17. Rxe8+ Qxe8 18. Qc7 Qd7 19. Qxd7 Nxd7 20. Nb5 Nde5 21. Be4 Bd7 22.
Bxb7 Rb8 23. Nd6 Bc6 24. Bxc6 Nxc6 25. g3 Nd4 26. Rd1 Ne2+ 27. Kg2 h5 28. h4 Nc3 29. Rc1 Nd5 30. Rc5 Nf6 31. Rc7 Ne5 32. Rxa7 Rd8 33.
Rc7 Neg4 34. Rc8 Rxc8 35. Nxc8 Nd5 36. Ne7+ Nxe7 37. Bxe7 Ne5 38. a4 f6 39. a5 Kf7 40.
a6 Ke6 41. a7 1-0

[Event "*** SCC Grand Prix: Titled Tuesday Blitz"]
[Site "Chess.com"]
[Date "2020.06.02"]
[Round "1"]
[White "gurelediz"]
[Black "AsselLesbekova"]
[Result "0-1"]
[WhiteElo "2597"]
[BlackElo "2294"]
[TimeControl "180+1"]
[EndTime "10:06:26 PDT"]
[Termination "AsselLesbekova won by resignation"]

1. e4 c5 2. Nf3 Nc6 3. d4 cxd4 4. Nxd4 e5 5. Nb5 d6 6. N1c3 a6 7. Na3 b5 8. Nd5 Nce7 9. c4 Nxd5 10. exd5 bxc4 11. Nxc4 Nf6 12. g3 Be7 13. Bg2 O-O 14. O-O a5 15. Be3 Ba6 16. Rc1 Rc8 17. b3 Nd7 18. Qd2 a4 19. Rfe1 axb3 20. axb3 f5 21.
f4 e4 22. Na5 Bb5 23. Nc6 Bxc6 24.
dxc6 Nf6 25. b4 d5 26. b5 Ba3 27. Rcd1 Qd6 28. Qc3 Bb4 29. Qc2 Bxe1 30. Bc5 Qb8 31.
Bxf8 Qxb5 32. Bxg7 Bf2+ 33. Qxf2 Kxg7 34. Qa7+ Kg6 35. Bh3 Qxc6 36. Kh1 e3 37. Qd4 e2 38. Re1 Qc2 39. Qe5 Re8 40. Qd6 Qe4+ 41. Bg2 Qe6 42. Qb4 Ng4 43. h3 Nf2+ 44. Kh2 Nd3 45. Qc3 Nxe1 46. Qxe1 d4 47. g4 fxg4 48. hxg4 Qxg4 49. Qa5 e1=Q 50. Qb6+ Re6 0-1

[Event "*** SCC Grand Prix: Titled Tuesday Blitz"]
[Site "Chess.com"]
[Date "2020.06.02"]
[Round "1"]
[White "Larina_Marija"]
[Black "lelajavakhishvili"]
[Result "0-1"]
[WhiteElo "2117"]
[BlackElo "2512"]
[TimeControl "180+1"]
[EndTime "10:06:26 PDT"]
[Termination "lelajavakhishvili won by resignation"]

1. e4 d6 2. d4 Nf6 3. Nc3 g6 4. f3 c6 5. a4 Bg7 6. Be3 O-O 7. Qd2 Nbd7 8. h4 h5 9. Nh3 e5 10. Ng5 d5 11. exd5 Nxd5 12. Nxd5 cxd5 13. dxe5 Nxe5 14. O-O-O Bd7 15. Qxd5 Bxa4 16. Qxd8 Rfxd8 17. Rxd8+ Rxd8 18. Bxa7 Rc8 19. c3 Nc6 20. Be3 Bb3 21.
Bd3 Ne5 22. Bc2 Ra8 23. Rg1 Ra1+ 24. Kd2 Nc4+ 25. Kd3 Nxb2+ 26. Kd2 Nc4+ 27. Kd3 Bxc2+ 28. Kxc2 Nxe3+ 29. Kd3 Rxg1 0-1

[Event "*** SCC Grand Prix: Titled Tuesday Blitz"]
[Site "Chess.com"]
[Date "2020.06.02"]
[Round "1"]
[White "MiroVlasenko"]
[Black "AGW2016"]
[Result "1-0"]
[WhiteElo "2634"]
[BlackElo "2297"]
[TimeControl "180+1"]
[EndTime "10:06:27 PDT"]
[Termination "MiroVlasenko won by resignation"]

1. e4 c5 2. Nc3 Nc6 3. f4 e6 4. Nf3 g6 5. f5 Bg7 6. fxe6 dxe6 7. Bb5 Ne7 8. d3 O-O 9. O-O a6 10. Bxc6 Nxc6 11. Bg5 f6 12. Bh4 e5 13. Nd5 Be6 14. c4 b5 15. b3 Nd4 16. Nxd4 cxd4 17.
Qd2 Bxd5 18. cxd5 Qd6 19. g4 Rac8 20. Rf2 Rc3 21. Raf1 g5 22. Bg3 Rfc8 23. h4 h6 24. Qe2 Rc2 25. Qxc2 Rxc2 26. Rxc2 Qd7 27. Rf5 Kf7 28.
hxg5 hxg5 29. Bxe5 Kg6 30. Bxd4 Qd6 31. Kg2 Qb4 32.
Bf2 a5 33. Rc6 Qd2 34. Rf3 Kh7 35. d6 Bf8 36. d7 Be7 37. Re6 Bd8 38. Re8 Bb6 39.
d8=Q Bxd8 40. Rxd8 Kg7 41. Rd7+ Kg8 42. Rxf6 Qxa2 43. Rc6 1-0

[Event "*** SCC Grand Prix: Titled Tuesday Blitz"]
[Site "Chess.com"]
[Date "2020.06.02"]
[Round "1"]
[White "Ali-Farahat"]
[Black "Mazetovic"]
[Result "1-0"]
[WhiteElo "2344"]
[BlackElo "2645"]
[TimeControl "180+1"]
[EndTime "10:06:28 PDT"]
[Termination "Ali-Farahat won by checkmate"]

1. e4 c5 2. Nf3 Nc6 3. Bb5 e6 4. Bxc6 bxc6 5. d3 Ne7 6. c4 Qc7 7. Nc3 e5 8. h4 h5 9. Ng5 f6 10. Nh3 d6 11. f4 Bg4 12. Qa4 exf4 13. Nxf4 Kf7 14. Be3 Ng6 15. Nxg6 Kxg6 16. Kd2 Rb8 17. b3 Be7 18. Raf1 Rhd8 19. Ne2 Rb4 20. Qa3 a5 21. Nf4+ Kf7 22. d4 cxd4 23. Bxd4 d5 24. Qb2 dxc4 25. Kc1 cxb3 26. Bc3 Rb5 27. Nh3 a4 28. e5 a3 29. Qb1 bxa2 30. Ng5+ Kg8 31. Qh7+ Kf8 32. Qh8# 1-0